 Dungeon Crawl Stone Soup version 0.20-a0-823-gdec668e (webtiles) character file.

823 JNO the Magician (level 7, 0/39 HPs)
             Began as a Deep Elf Necromancer on Mar 5, 2017.
             Was an Initiate of Kikubaaqudgha.
             Killed from afar by Dowan (10 damage)
             ... with a wand of flame (?/48)
             ... on level 5 of the Dungeon.
             The game lasted 00:30:32 (5676 turns).

JNO the Magician (Deep Elf Necromancer)             Turns: 5676, Time: 00:30:33

Health: 0/39       AC:  3    Str:  5    XL:     7   Next: 64%
Magic:  6/20       EV: 17    Int: 22    God:    Kikubaaqudgha [......]
Gold:   226        SH:  0    Dex: 15    Spells: 5/21 levels left

rFire    . . .     SeeInvis .   C - +1 rapier (drain)
rCold    . . .     Gourm    .   a - +0 robe
rNeg     . . .     Faith    .   (no shield)
rPois    +         Spirit   .   (no helmet)
rElec    .         Reflect  .   H - +0 cloak
rCorr    .         Harm     .   (no gloves)
MR       .....                  (no boots)
Stlth    ++........             (no amulet)
Regen    1.2/turn               t - +3 ring of evasion
MPRegen  0.2/turn               q - ring of poison resistance

@: very slightly contaminated, regenerating (expiring)
A: no striking features
a: Renounce Religion


You were on level 5 of the Dungeon.
You worshipped Kikubaaqudgha.
Kikubaaqudgha was noncommittal.
You were not hungry.

You visited 2 branches of the dungeon, and saw 6 of its levels.

You collected 226 gold pieces.

Inventory:

Hand Weapons
 o - a +1 vampiric dagger
 C - a +1 rapier of draining (weapon)
Missiles
 d - 240 stones (quivered)
 h - 24 poisoned needles
 w - 8 needles of paralysis
Armour
 a - a +0 robe (worn)
 H - a +0 cloak (worn)
Jewellery
 f - a +5 ring of dexterity
 q - a ring of poison resistance (left hand)
 s - an uncursed ring of protection from magic
 t - a +3 ring of evasion (right hand)
Wands
 D - a wand of random effects (44/48)
Scrolls
 g - a scroll of teleportation
 i - a scroll of enchant weapon
 j - 3 scrolls of remove curse
 k - a scroll of random uselessness
 p - a scroll of identify
 r - a scroll of recharging
 y - a scroll of fear {unknown}
Potions
 e - 2 potions of flight
 l - a potion of brilliance
 m - 2 potions of magic
 u - 3 potions of curing {unknown}
 x - 2 potions of heal wounds {unknown}
 z - a potion of cancellation {unknown}
 A - a potion of might {unknown}
 E - a potion of lignification {unknown}
 G - a potion of agility {unknown}
 I - 2 potions of resistance {unknown}
Books
 b - a book of Necromancy

   Spells                             Type                      Level
   a - Pain                           Necromancy                   1
   b - Animate Skeleton               Necromancy                   1
   c - Vampiric Draining              Necromancy                   3
   d - Regeneration                   Charms/Necromancy            3
   e - Animate Dead                   Necromancy                   4
   f - Control Undead                 Necromancy                   4
Comestibles
 c - 3 bread rations
 n - a royal jelly
 v - a meat ration
 F - 2 fruits


   Skills:
 + Level 1.7 Fighting
 + Level 2.4 Short Blades
 + Level 3.7 Dodging
 - Level 2.4 Stealth
 - Level 7.7 Spellcasting
 - Level 7.6 Necromancy


You had 5 spell levels left.
You knew the following spells:

 Your Spells              Type           Power        Failure   Level  Hunger
a - Pain                  Necr           ####         1%          1    None
b - Animate Skeleton      Necr           N/A          1%          1    None
c - Vampiric Draining     Necr           #####.....   1%          3    None
d - Regeneration          Chrm/Necr      ####......   6%          3    None
e - Control Undead        Necr           #####.....   3%          4    ###....
f - Animate Dead          Necr           N/A          3%          4    ###....


Dungeon Overview and Level Annotations

Branches:
Dungeon (5/15)             Temple (1/1) D:4

Altars:
Ashenzari
Cheibriados
Dithmenos
Fedhas
Gozag
Hepliaklqana
Kikubaaqudgha
Nemelex Xobeh
Okawaru
Sif Muna
Trog
Uskayaw
Vehumet
Wu Jian
Xom
Yredelemnul
Zin
The Shining One

Annotations:
D:4 Shenda's ghost, amateur DrAE
D:5 Dowan; Duvessa


Message History

Dowan mumbles some strange words.
Dowan blinks!
Duvessa hits you with a short sword.
Casting: Regeneration
Confirm with . or Enter, or press ? or * to list all spells.
Aiming: Pain
Press: ? - help, Shift-Dir - straight line, f/p - Duvessa
Aim: Duvessa, wielding a short sword (severely wounded, chance to defeat MR: 71%) Duvessa struggles to resist.
Duvessa hits you with a short sword!
You hit Duvessa.
Duvessa is almost dead.
Duvessa hits you with a short sword.
* * * LOW HITPOINT WARNING * * *
Blink to where?
Press: ? - help, Dir - move target cursor, p - Duvessa You are very lightly contaminated with residual magic.
As you read the scroll of blinking, it crumbles to dust.
Your skin is crawling a little less now.
Dowan zaps a wand.
The puff of flame hits you!
You die...
Kikubaaqudgha rasps: "You have failed me!
Welcome... death!"

########## #########
.........##########..e.§e.#
................@...#####.#
.######....)#.#.###.# #.#
.# ###.###...[.....# #.. .#
#...# #)..#.###.# #... .#
#.#.###.......#.# #.#.# .##
#.......###.#.#.. ..#.#
..###..##†.## #.#.### #.#.#
.>.##..##..####.# . ... .
.....5.##....##.# ##


You could see Dowan.

Vanquished Creatures
  A phantom (D:4)
  An ogre (D:5)
  3 scorpions (D:5)
  A crimson imp (D:4)
  A centaur zombie (D:5)
  A jelly (D:4)
  A bullfrog skeleton (D:5)
  An orc priest (D:4)
  An orc wizard (D:5)
  Ijyb (D:3)
  An iguana (D:3)
  4 worker ants
  A gnoll (D:2)
  6 adders
  A shadow imp (D:5)
  An ooze (D:5)
  2 adder skeletons (D:4)
  2 dart slugs
  2 leopard geckos (D:3)
  16 orcs
  4 bats
  6 giant cockroaches
  8 goblins
  5 hobgoblins
  4 jackals
  3 kobolds
  A quokka (D:2)
  A ball python (D:1)
  6 frilled lizards
  A quokka skeleton (D:5)
  9 rats
96 creatures vanquished.

Vanquished Creatures (collateral kills)
  A bat (D:3)
  A hobgoblin (D:2)
  A frilled lizard (D:1)
3 creatures vanquished.

Grand Total: 99 creatures vanquished

Notes
Turn   | Place    | Note
-------+----------+-------------------------------------------
     0 | D:1      | JNO the Deep Elf Necromancer began the quest for the Orb.
     0 | D:1      | Reached XP level 1. HP: 10/10 MP: 6/6
    47 | D:1      | Reached skill level 5 in Necromancy
   427 | D:1      | Reached XP level 2. HP: 15/15 MP: 6/8
   430 | D:1      | Learned a level 1 spell: Animate Skeleton
  1132 | D:2      | Reached XP level 3. HP: 10/19 MP: 6/10
  1368 | D:2      | Learned a level 3 spell: Vampiric Draining
  1372 | D:2      | Learned a level 3 spell: Regeneration
  2608 | D:3      | Reached XP level 4. HP: 24/24 MP: 9/12
  2623 | D:3      | Noticed Ijyb
  2630 | D:3      | Killed Ijyb
  2827 | D:3      | Reached skill level 5 in Spellcasting
  2978 | D:3      | Reached XP level 5. HP: 22/28 MP: 12/15
  3122 | D:3      | Found a shimmering altar of Xom.
  3252 | D:4      | Noticed a phantom
  3574 | D:4      | Noticed Shenda's ghost (amateur DrAE)
  3820 | D:4      | Reached XP level 6. HP: 29/32 MP: 14/17
  4453 | D:4      | Found a staircase to the Ecumenical Temple.
  4463 | Temple   | Entered the Ecumenical Temple
  4584 | Temple   | Became a worshipper of Kikubaaqudgha
  4647 | D:5      | Entered Level 5 of the Dungeon
  4695 | D:5      | Reached XP level 7. HP: 11/37 MP: 1/20
  4993 | D:5      | Noticed Duvessa
  5176 | D:5      | Learned a level 4 spell: Control Undead
  5181 | D:5      | Learned a level 4 spell: Animate Dead
  5272 | D:5      | Reached skill level 1 in Fighting
  5272 | D:5      | Reached skill level 1 in Short Blades
  5537 | D:5      | Noticed Dowan
  5676 | D:5      | Killed from afar by Dowan

Vault maps used:
D:1:      tarquinn_simple_flora_water_e, minmay_nonomino_d4
D:3:      old_standard_altar, uniq_iyjb, uniq_crazy_yiuf_cottage
D:4:      minmay_temple_entry_enclosed_plants, first_bread, minmay_distorted
D:5:      uniq_duvessa
Temple:   dpeg_five_rooms_temple

Skill      XL: |  1  2  3  4  5  6  7 |
---------------+----------------------+-----
Necromancy     | 5 6 7 |  7.6
Spellcasting   | 4 5 6 7 |  7.7
Fighting       | 1 |  1.7
Short Blades   | 2 |  2.4
Dodging        | 3 |  3.7
Stealth        | |  2.4

Action                   |  1- 3 |  4- 6 |  7- 9 || total
-------------------------+-------+-------+-------++-------
Melee: Unarmed           |     4 |       |       ||     4
       Rapier            |       |    73 |    73 ||   146
 Cast: Pain              |    58 |    72 |    33 ||   163
       Animate Skeleton  |     6 |     7 |     2 ||    15
       Vampiric Draining |     1 |    12 |     5 ||    18
       Regeneration      |       |     4 |     9 ||    13
  Use: Scroll            |       |     1 |    11 ||    12
 Stab: Sleeping          |       |     1 |       ||     1
       Distracted        |       |     1 |       ||     1
  Eat: Chunk             |     3 |     1 |     1 ||     5
       Meat ration       |     1 |     1 |       ||     2
Armor: Robe              |     8 |    12 |     8 ||    28
Dodge: Dodged            |    30 |   105 |    80 ||   215
